 Dungeon Crawl Stone Soup version 0.21.1-1-g345015f (webtiles) character file.

79 Krilegs the Skirmisher (level 4, -24/49 HPs)
             Began as an Ogre Berserker on May 8, 2018.
             Was an Initiate of Zin.
             Annihilated by a polar bear (26 damage)
             ... created by the rage of Trog
             ... on level 2 of the Dungeon.
             The game lasted 00:05:32 (1551 turns).

Krilegs the Skirmisher (Ogre Berserker)             Turns: 1551, Time: 00:05:33

Health: -24/49     AC:  3    Str: 22    XL:     4   Next: 37%
Magic:  4/4        EV: 10    Int: 10    God:    Zin [......]
Gold:   81         SH:  0    Dex:  8    Spells: 3/3 levels left

rFire    + + .     SeeInvis .   a - +1 mace
rCold    x . .     Gourm    .   (no shield)
rNeg     . . .     Faith    .   b - +0 animal skin
rPois    .         Spirit   .   (helmet restricted)
rElec    .         Reflect  .   (no cloak)
rCorr    .         Harm     .   (gloves unavailable)
MR       .....                  (boots unavailable)
Stlth    +.........             (no amulet)
HPRegen  0.16/turn              j - ring of protection from fire
MPRegen  0.09/turn              m - ring of fire

@: lethally poisoned (-24 -> -26)
A: large, unfitting armour, clever 1, mutation resistance 1, tough skin 1
a: Donate Gold, Renounce Religion


You were on level 2 of the Dungeon.
You worshipped Zin.
Zin was noncommittal.
You were not hungry.

You visited 1 branch of the dungeon, and saw 2 of its levels.

You collected 89 gold pieces.
You donated 8 gold pieces to Zin.

Inventory:

Hand Weapons
 a - a +1 mace (weapon)
Armour
 b - a +0 animal skin (worn)
 n - a +0 robe
Jewellery
 j - a ring of protection from fire (left hand)
 m - a ring of fire (right hand)
Scrolls
 d - 3 scrolls of identify
 h - a scroll of amnesia
 k - 2 scrolls of teleportation
Potions
 e - a potion of curing
 f - a potion of berserk rage {unknown}
 i - a potion of heal wounds {unknown}
 l - a potion of flight {unknown}
Comestibles
 c - 3 rations


   Skills:
 * Level 4.8 Fighting
 + Level 3.7 Maces & Flails
 + Level 3.3 Dodging


You had 3 spell levels left.
You didn't know any spells.

Dungeon Overview and Level Annotations

Branches:
Dungeon (2/15)

Altars:
Makhleb
Zin


Innate Abilities, Weirdness & Mutations

You are too large for most types of armour.
You have tough skin. (AC +1)
Your mind is acute. (Int +2)
You are somewhat resistant to further mutation.


Message History

The adder bites you but does no damage.
You miss the adder.
The adder is almost dead.
The polar bear barely misses you. The polar bear claws you.
The polar bear closely misses you. The adder bites you.
You are poisoned.
The adder poisons you! The ogre hits you with a giant club!
A bat comes into view.
You feel sick. The polar bear barely misses you. The polar bear claws you.
* * * LOW HITPOINT WARNING * * *
The polar bear claws you.
* * * LOW HITPOINT WARNING * * *
The black bear bites you.
* * * LOW HITPOINT WARNING * * *
The black bear claws you but does no damage.
The black bear claws you.
* * * LOW HITPOINT WARNING * * *
The polar bear bites you!!
Ouch! That really hurt!
You die...

###### .....# .....#
.....###### #########
#..........# #....h..#
.....(.....###..hhO..###
.# #......'..(.@Sh.b..#
.# #......###.#####...#
.####..[...# #.# .#
...........###..
.####...........#
.####.#.#######.#
...##............
...##...#######..
_.......#


You could see 2 polar bears, 2 black bears, an ogre, an adder and a bat.

Vanquished Creatures
  A hound (D:2)
  An adder (D:2)
  A worm (D:2)
  A dart slug (D:1)
  2 leopard geckos (D:1)
  5 bats
  2 giant cockroaches
  4 goblins (D:1)
  A hobgoblin (D:1)
  3 jackals (D:1)
  3 kobolds
  A quokka (D:2)
  2 frilled lizards
  5 rats
32 creatures vanquished.

Notes
Turn   | Place    | Note
-------+----------+-------------------------------------------
     0 | D:1      | Krilegs the Ogre Berserker began the quest for the Orb.
     0 | D:1      | Reached XP level 1. HP: 24/24 MP: 1/1
    70 | D:1      | Reached XP level 2. HP: 31/32 MP: 2/2
   529 | D:1      | Reached XP level 3. HP: 38/40 MP: 3/3
   633 | D:1      | Gained mutation: Your mind is acute. (Int +2) [potion of mutation]
   633 | D:1      | Gained mutation: You are somewhat resistant to further mutation. [potion of mutation]
   781 | D:2      | Found a burning altar of Makhleb.
   808 | D:2      | HP: 2/40 [hound (3)]
   815 | D:2      | Reached XP level 4. HP: 3/49 MP: 4/4
  1380 | D:2      | Found a glowing silver altar of Zin.
  1393 | D:2      | Fell from the grace of Trog
  1393 | D:2      | Became a worshipper of Zin the Law-Giver
  1544 | D:2      | Noticed an ogre
  1549 | D:2      | Noticed a black bear
  1549 | D:2      | Noticed a polar bear
  1549 | D:2      | Noticed a polar bear
  1549 | D:2      | Noticed a black bear
  1551 | D:2      | HP: 2/49 [black bear[the rage of Trog] (3)]
  1551 | D:2      | Annihilated by a polar bear

Skill      XL: |  1  2 |
---------------+-------+-----
Maces & Flails | 3 |  3.7
Dodging        | 3 |  3.3
Fighting       | |  4.8

Action                   |  1- 3 |  4- 6 || total
-------------------------+-------+-------++-------
Melee: Mace              |    87 |    33 ||   120
  Use: Potion            |     5 |       ||     5
       Scroll            |     5 |     1 ||     6
  Eat: Ration            |       |     1 ||     1
Armor: Animal skin       |    47 |     8 ||    55
       Skin              |    10 |       ||    10
Dodge: Dodged            |    75 |    24 ||    99
